AoeStats
← Michi3052

Arabia

508665681Analyzed
1v1 RM · 8d ago on Sep 23, 2026· 23m 13s· 2 players
Game mode
Random Map
Map size
Tiny (2 player)
Population
200
Speed
Normal
Resources
Standard
Victory
Conquest
Starting age
Dark Age
Ending age
Imperial Age
RankedLock teamsTeams togetherTeam positionsShared explorationLock speedFull tech treeHidden civsTurbo modeCheats
Victory
Defeat
🇪🇸 Dravidians · Spain
703
+15
🇩🇰 Bulgarians · Denmark
671
-15
Karsten Green
11:13 Feudal Age
9:29 Loom
12:08 Double-Bit Axe
15:55 Scale Mail Armor
22:44 Castle Age
20:47 Horse Collar
22:31 Town Watch
Michi3052
3:30 Loom
12:07 Feudal Age
17:34 Double-Bit Axe
18:02 Man-at-Arms
20:41 Horse Collar
25:01 Castle Age
Connection lost

Rejoining the realm…

Still unreachable

The connection could not be restored.

Session expired

The server has moved on; the page needs a fresh start.